[Event "Sardinia World Festival-A 2024"]
[Site "Orosei"]
[Date "2024.04.27"]
[Round "1.20"]
[White "Vincenti, Leonardo"]
[Black "Parkhov, Yair"]
[Result "0-1"]
[ECO "B53"]
[WhiteElo "2209"]
[BlackElo "2513"]
[Annotator "TA"]
[PlyCount "144"]
[EventDate "2024.04.26"]
[EventType "swiss"]
[EventCountry "ITA"]
[SourceTitle "playchess.com"]
[Source "ChessBase"]
[SourceQuality "1"]
[TimeControl "40/5400+30:1800+30"]

1. e4 c5 2. Nf3 d6 3. d4 cxd4 4. Qxd4 Nc6 5. Bb5 Bd7 6. Qd3 g6 7. O-O Bg7 8. c4 Nf6 9. Nc3 O-O 10. Bxc6 Bxc6 11. Nd4 Bd7 {[%emt 0:19:15] B53: Sicilian: 2...d6: Lines with Qxd4.} 12. h3 Rc8 13. Be3 a6 14. Rac1 Qa5 15. a3 Qh5 16. Nde2 $146 (16. Rfd1 $14) ({Predecessor:} 16. Nd5 Nxd5 17. cxd5 Be5 18. f4 Bg7 19. Rxc8 Rxc8 20. Rc1 Rxc1+ 21. Bxc1 e5 22. Nf3 {0-1 Szente Varga,F (2085)-Rodchenkov,S (2346) Titled Tuesday intern op 25th Oct Early blitz 2022 (7)}) 16... b5 $11 17. cxb5 Bxb5 18. Nxb5 Qxb5 19. Qxb5 axb5 20. Nc3 Rb8 21. Bd4 b4 22. Nd5 Nxd5 23. Bxg7 Kxg7 24. exd5 bxa3 25. bxa3 Rb5 26. Rc7 Kf6 27. Rd1 Rfb8 28. Re1 Re8 ({Reject} 28... Rxd5 29. Rexe7 Rf8 30. Red7 $11) 29. Rd1 $1 Rc5 30. Rd7 Rc2 31. Rd3 Rc1+ 32. Kh2 Re1 33. a4 ({White should try} 33. Ra7 $11) 33... Ra8 $15 34. Rd4 Ra5 35. Rf4+ Kg7 36. Rd4 f5 37. g4 Kf6 38. gxf5 gxf5 39. Rb7 Re4 40. Rxe4 fxe4 41. Rb4 Ke5 42. Rb7 Kf6 43. Rb4 Ke5 44. Rb7 Kxd5 45. Rxe7 h5 46. Kg2 Rxa4 47. Rh7 Kc4 48. Rxh5 d5 49. Re5 Kd4 50. Rf5 Ra8 51. h4 Kc4 52. Re5 Rg8+ 53. Kf1 Rg4 54. h5 d4 55. Ke2 Rh4 56. Re8 Rxh5 57. Rxe4 Ra5 58. Re8 Ra2+ 59. Kf3 d3 60. Rc8+ Kd4 61. Kg3 $2 (61. Rd8+ $11 Kc3 62. Rc8+ Kd2 63. Ke4) 61... d2 62. Rd8+ Kc3 63. f4 Ra1 64. Rc8+ Kb4 65. Rd8 d1=Q 66. Rxd1 Rxd1 67. Kg4 Kc5 68. Kg5 Kd6 69. Kf6 Rf1 70. f5 Rf2 71. Kg6 Ke5 72. f6 Rxf6+ 0-1

[Event "Sardinia World Festival-A 2024"]
[Site "Orosei"]
[Date "2024.04.27"]
[Round "1.21"]
[White "Mikhalevski, Victor"]
[Black "Roesch, Mario"]
[Result "1-0"]
[ECO "A05"]
[WhiteElo "2506"]
[BlackElo "2207"]
[Annotator "TA"]
[PlyCount "75"]
[EventDate "2024.04.26"]
[EventType "swiss"]
[EventCountry "ITA"]
[SourceTitle "playchess.com"]
[Source "ChessBase"]
[SourceQuality "1"]
[TimeControl "40/5400+30:1800+30"]

1. Nf3 Nf6 2. g3 g6 3. b3 d5 4. Bb2 c5 5. c4 d4 6. e3 Nc6 7. exd4 cxd4 8. Bg2 {[%emt 0:00:16][%cal Ob3b4] The position is equal.} Bg7 9. O-O O-O 10. Re1 Nd7 11. d3 Nc5 (11... a5 $15) 12. Ba3 $11 Qb6 13. Bxc5 $1 Qxc5 14. a3 Qh5 15. b4 Bg4 16. Nbd2 Bh6 (16... e5 $11 {keeps the balance.}) 17. Qb3 f6 (17... Rae8 $16) 18. c5+ Kh8 19. b5 Ne5 20. Nxe5 (20. Nxd4 $2 {loses.} Bxd2 21. Re4 Rad8 $19) 20... fxe5 {[%emt 0:08:33] [#]} 21. Ne4 Bf3 22. Bxf3 Qxf3 23. Ra2 Qf7 24. Qxf7 Rxf7 25. Rc2 Rc8 26. Rc4 {[%emt 0:00:55] Threatens to win with Ra4.} Rf3 (26... Rff8 $142 27. a4 Kg7) 27. Rd1 {[%emt 0:02:51] Ra4 is the strong threat.} Rc7 28. Ra4 b6 29. c6 a5 (29... e6 $142 30. Ra6 Bg7) 30. Rc4 Rf8 31. Kg2 Kg8 32. a4 Kf7 33. Re1 Ke6 34. f4 Kd5 $2 {[%emt 0:00:24] [#] Black is weak on the light squares} (34... Rf5 35. Nd2 Kf7) 35. Nc3+ $1 $18 {[%emt 0:00:20][%mdl 512] White is clearly winning.} Kd6 (35... Ke6 36. Rxe5+) 36. Rxe5 Bxf4 37. gxf4 (37. Rxd4+ Kxe5 38. Re4+ Kd6 39. gxf4 e6 $18) 37... Rxf4 38. Rd5+ {[%emt 0:00:31] Weighted Error Value: White=0.15 (very precise) /Black=0.39.  Mistake:       	---       	Black=6      Inaccurate:     	White=2     	Black=2      OK:         	White=16    	Black=4      Best:        	White=2     	Black=1      Strong:       	White=1     	---        Brilliant:      	White=1     	---} 1-0

[Event "Sardinia World Festival-A 2024"]
[Site "Orosei"]
[Date "2024.04.27"]
[Round "1.22"]
[White "Kairbekova, Amina"]
[Black "Rozen, Eytan"]
[Result "0-1"]
[ECO "B40"]
[WhiteElo "2204"]
[BlackElo "2499"]
[Annotator "TA"]
[PlyCount "106"]
[EventDate "2024.04.26"]
[EventType "swiss"]
[EventCountry "ITA"]
[SourceTitle "playchess.com"]
[Source "ChessBase"]
[SourceQuality "1"]
[TimeControl "40/5400+30:1800+30"]

1. e4 c5 2. Nf3 d6 3. d4 Nf6 4. Bd3 cxd4 5. Nxd4 e6 6. c4 Be7 7. Nc3 O-O 8. O-O Bd7 9. Be3 Nc6 10. Be2 Nxd4 {[%emt 0:05:03] White is slightly better.} 11. Bxd4 Bc6 12. Qd3 Rc8 13. f4 (13. Bxa7 b6 14. e5 dxe5 15. Qxd8 Rcxd8 $11 (15... Bxd8 16. a4 $11)) 13... a6 14. Qe3 Nd7 15. Rad1 Qa5 16. Nd5 exd5 17. exd5 Ba4 18. b3 (18. Qxe7 $11 Rfe8 (18... Bxd1 19. Rxd1 Qc7 20. Qg5 $14) 19. Qg5) 18... Bf6 $17 19. bxa4 Rce8 20. Qf2 Qxa4 21. Bd3 Bxd4 22. Qxd4 Nc5 (22... Qxa2 $2 23. Ra1 $18) 23. Bb1 Re2 24. Qc3 (24. Rd3 $142) 24... h6 (24... Rfe8 $142 25. Qh3 h6 (25... Qxc4 26. Qxh7+ Kf8 27. Qh8+ Ke7 28. Qxg7 $18)) 25. Qh3 (25. Rc1 $17) 25... Qxc4 $19 26. Qf5 g6 {[%emt 0:06:32] Active counter play!} 27. Qf6 Ne4 28. Qd4 Qxd4+ 29. Rxd4 Nc3 30. a3 Rc8 31. Bd3 Rd2 {[%emt 0:01:20] ...Ne2+ is the strong threat.} 32. Rc4 Rxc4 33. Bxc4 {[%emt 0:00:04][%mdl 4096] Endgame. KRB-KRN} b5 34. Rc1 Rd1+ ({Don't do} 34... bxc4 35. Rxc3 Rd4 (35... Rxd5 36. Rxc4 Kg7 37. Kf2 $17) 36. Kf2) 35. Rxd1 Nxd1 {[%emt 0:00:05] KB-KN} 36. Bb3 (36. Bd3 {might work better.}) 36... Nc3 37. Kf2 a5 38. Ke3 a4 39. Kd3 Nb1 40. Ba2 Nxa3 {[%emt 0:00:12] [#] Hoping for ...b4.} 41. Kc3 Kf8 42. Kb4 Nc2+ 43. Kxb5 Ne3 44. g3 a3 {[%emt 0:00:15] [#] aiming for ...Nf1.} 45. h3 (45. Ka4 $142 Nf1 (45... Nc2 $2 46. Kb3 $19) 46. Kxa3) 45... h5 46. Kb4 Nf5 47. g4 hxg4 48. hxg4 Ne3 49. Kxa3 Nxg4 50. Bb1 Nf6 51. f5 g5 {[%emt 0:00:23] Black mates.} (51... Nxd5 52. fxg6 f6 53. Kb3 $19) 52. Kb3 g4 53. Bd3 g3 {[%emt 0:00:11] Weighted Error Value: White=0.74/Black=0.15 (very precise) .  Mistake:       	White=5     	Black=1      Inaccurate:     	White=4     	Black=1      OK:         	White=11    	Black=23     Best:        	White=1     	Black=4} 0-1

[Event "Sardinia World Festival-A 2024"]
[Site "Orosei"]
[Date "2024.04.27"]
[Round "1.23"]
[White "Sokolovsky, Yahli"]
[Black "Balinski, Damian"]
[Result "1-0"]
[ECO "C42"]
[WhiteElo "2490"]
[BlackElo "2204"]
[Annotator "TA"]
[PlyCount "93"]
[EventDate "2024.04.26"]
[EventType "swiss"]
[EventCountry "ITA"]
[SourceTitle "playchess.com"]
[Source "ChessBase"]
[SourceQuality "1"]
[TimeControl "40/5400+30:1800+30"]

1. e4 e5 2. Nf3 Nf6 3. Nxe5 d6 4. Nf3 Nxe4 5. Nc3 Nxc3 6. dxc3 Be7 7. Be3 Nc6 8. Qd2 Be6 9. O-O-O Qd7 10. Kb1 Bf6 11. h3 {[%emt 0:00:44] White has an edge.} a6 12. Ng5 Bf5 13. g4 Bg6 14. Bg2 O-O-O 15. h4 (15. Ne4 $14) 15... h5 $132 {[%emt 0:19:13][%mdl 2048] Black is not keeping still} (15... Qxg4 $2 16. Bh3 h5 17. f3 $18 (17. Bxg4+ hxg4 18. Qe2 Kb8 $18) (17. Bxg4+ hxg4 18. Qe2 Kb8 $18)) 16. gxh5 Rxh5 17. Bf3 Rhh8 $1 18. h5 Bf5 19. Bxc6 bxc6 20. Qe2 Kb7 21. Rh4 {[%emt 0:03:09][%cal Bh1h4,Bh4a4,Ba4a3,Ba3b3][%mdl 32] Inhibits Bg4.} a5 {[%emt 0:12:21] Inhibits Rb4+.} 22. Ra4 Ra8 23. Qf3 Rhe8 24. Nxf7 Bxc2+ 25. Kxc2 Qxf7 26. Ra3 {[%emt 0:01:09] Hoping for Rb3+.} Qc4 27. Rb3+ Ka6 (27... Kc8 $1 $14) 28. Rd2 $2 (28. Rxd6 $1 $16 Re4 29. Rd7) 28... d5 29. Rxd5 $2 Re7 $4 {[%emt 0:08:39][%mdl 8192] [#]} (29... cxd5 $19 30. Qd1 Rxe3 31. fxe3 Be7) 30. Rd6 $2 Re4 $16 31. Rd7 {[%emt 0:00:00] Really sharp!} Be5 32. Qf5 {[%emt 0:00:00] White is more active.} Re8 {[%emt 0:00:00] [#]} (32... Bd6 $1 $14 33. Rxd6 (33. Rxg7 $2 {is the wrong capture.} a4 $19) 33... Rxe3) 33. Rd3 (33. Ra3 $1 $18 {Rd3 would now be deadly.} a4 34. b4) 33... Bf6 (33... Bf4 $14) 34. h6 $18 R4e5 (34... R4e6 {was necessary.}) 35. Qf3 Rd5 $2 (35... R5e7 {is a better defense.} 36. h7 Qe4 37. Qxe4 Rxe4) 36. Rxd5 cxd5 37. hxg7 $2 (37. Kd2 $18) 37... Bxg7 $16 {[%emt 0:00:28] [#]} 38. Kd2 (38. a4 $142 $1) 38... Be5 (38... Bf8 $142) 39. Qh5 Qc6 (39... Re6 $16 {might work better.}) 40. Qg4 Bd6 $2 (40... Rd8 41. Qf5 Bd6) 41. Qd4 $18 Ra8 {[%emt 0:30:33] [#] Dodges Qa7+} 42. Rb8 $3 Rxb8 (42... a4 43. b3) 43. Qa7+ Kb5 44. Qxb8+ Ka6 45. Qa7+ Kb5 46. b3 Ba3 47. Ke2 {[%emt 0:00:00] Weighted Error Value: White=0.47/Black=0.80.  Loses game:     	White=1     	---        Missed win:     	White=2     	Black=1      Mistake:       	White=4     	Black=8      Inaccurate:     	White=1     	Black=4      OK:         	White=9     	Black=11     Best:        	White=6     	---        Strong:       	---       	Black=1      Brilliant:      	White=1     	---} 1-0

[Event "Sardinia World Festival-A 2024"]
[Site "Orosei"]
[Date "2024.04.27"]
[Round "1.24"]
[White "Shvedova, Alexandra"]
[Black "Zhalmakhanov, Ramazan"]
[Result "0-1"]
[ECO "C55"]
[WhiteElo "2203"]
[BlackElo "2490"]
[Annotator "TA"]
[PlyCount "58"]
[EventDate "2024.04.26"]
[EventType "swiss"]
[EventCountry "ITA"]
[SourceTitle "playchess.com"]
[Source "ChessBase"]
[SourceQuality "1"]
[TimeControl "40/5400+30:1800+30"]

1. e4 e5 2. Nf3 Nc6 3. Bc4 Nf6 4. d3 h6 5. O-O d6 6. c3 g5 7. a4 g4 8. Ne1 Bg7 {White is slightly better.} 9. f3 Qe7 ({Better is} 9... Ne7 $14) 10. a5 a6 11. b4 Be6 12. Na3 (12. Bxe6 $16 Qxe6 13. fxg4) 12... Rd8 13. Qa4 {[%emt 0:00:00][%cal Oc4a6] Black must now prevent Bxa6!} O-O (13... d5 $6 14. Bxa6 Bc8 15. Bb5 $18) 14. fxg4 Nxg4 15. Nf3 (15. Qb3 $14) 15... d5 $15 16. exd5 Bxd5 17. Bxd5 Rxd5 18. h3 {[%emt 0:00:00] [#]} (18. b5 $15 Qc5+ 19. Kh1 Nf2+ (19... Qxc3 20. Qxg4 Qxa1 21. bxc6 $16) 20. Rxf2 Qxf2 21. bxc6 Rxd3 22. Ng1 bxc6 (22... Rxc3 23. cxb7 Qd4 24. Qxd4 $11) 23. Qg4) 18... Rxd3 $1 $17 {[%cal Oe5e4] Hoping for ...e4!} 19. hxg4 $2 {[%emt 0:00:00] Loses the game.} (19. Ne1 $17 Rxc3 20. hxg4) 19... e4 $1 $19 20. Nh2 (20. Qc2 $2 Bxc3 (20... Rxc3 $2 21. Qe2 $19) 21. Bb2 Nxb4 (21... Bxb2 $2 22. Qxb2 exf3 23. Rxf3 $19) 22. Qxc3 Rxc3 23. Bxc3 Qc5+ (23... exf3 $2 24. Rxf3 Qc5+ 25. Kh1 $19) 24. Bd4 Qd5 $19 (24... Qxa5 $2 25. Nh4 $19)) 20... Bxc3 (20... Rxc3 21. Bb2 $11) 21. Ra2 (21. Nc4) 21... e3 ({Not} 21... Nxb4 22. Re2 $11) (21... Bxb4 22. Nc2 Bxa5 23. Qc4 $11) 22. Bxe3 (22. Nb1 $142 e2 (22... Qxb4 23. Nxc3 Rxc3 24. Qxb4 $18) (22... Bxb4 $2 23. Qc2 $19) 23. Nxc3 exf1=Q+ (23... e1=B $2 {is the wrong capture.} 24. Re2 $18) (23... exf1=B $2 24. Nxf1 Rxc3 25. Bxh6 $19) 24. Nxf1 Rxc3 25. Bxh6) 22... Qxe3+ 23. Kh1 {[%emt 0:00:00] White is weak on the dark squares} Qg3 (23... Bxb4 $2 24. Nc2 Qe6 25. Nxb4 Nxb4 26. Rb2 $19) 24. Nc4 {[%emt 0:00:00] Inhibits Be5.} Ne5 25. Raf2 $2 {[%emt 0:00:00] [#]} (25. Nxe5 Bxe5 26. Nf3) 25... Nxg4 26. Nxg4 Qxg4 27. Qc2 Qh4+ 28. Kg1 Qxc4 29. Rf4 Bd4+ {Weighted Error Value: White=1.07/Black=0.32.  Loses game:     	White=1     	---        Mistake:       	White=5     	Black=1      Inaccurate:     	White=2     	Black=3      OK:         	White=5     	---        Best:        	---       	Black=3      Strong:       	---       	Black=2} 0-1

[Event "Sardinia World Festival-A 2024"]
[Site "Orosei"]
[Date "2024.04.27"]
[Round "1.25"]
[White "Velten, Paul"]
[Black "Gagliardi, Cristian"]
[Result "1-0"]
[ECO "D38"]
[WhiteElo "2481"]
[BlackElo "2195"]
[Annotator "TA"]
[PlyCount "87"]
[EventDate "2024.04.26"]
[EventType "swiss"]
[EventCountry "ITA"]
[SourceTitle "playchess.com"]
[Source "ChessBase"]
[SourceQuality "1"]
[TimeControl "40/5400+30:1800+30"]

1. d4 Nf6 2. c4 e6 3. Nf3 d5 4. Nc3 Bb4 5. Bg5 Nbd7 6. Qb3 c5 7. a3 Qa5 8. Bd2 O-O {[%emt 0:04:08] The position is equal.} 9. cxd5 exd5 10. e3 (10. axb4 Qxa1+ 11. Qd1 Qxd1+ (11... Qxb2 $2 12. bxc5 b5 13. e3 $19) 12. Nxd1 c4 $19) 10... Bxc3 11. Bxc3 Qb6 12. Qc2 c4 13. Nd2 {[%emt 0:01:03] Prevents Ne4} Re8 14. Be2 Qc6 15. a4 g6 16. b3 Nb6 17. O-O {[%emt 0:05:04] And now a5 would win.} Bf5 18. Qb2 {[%emt 0:00:28] Hoping for a5.} Bg4 (18... Rec8 $14) 19. Nf3 ({White must play} 19. Bxg4 $16 Nxg4 20. a5) 19... Ne4 20. Rfc1 (20. Rac1 {is more complex.} a5 21. Ne5 Rxe5 22. dxe5 Bxe2 23. Qxe2 cxb3 24. Bd4) 20... Bxf3 21. gxf3 Nxc3 22. Qxc3 a5 23. f4 Rec8 24. Bf1 Qd6 25. Rcb1 Rc7 26. Bg2 Ra6 27. bxc4 Rxc4 28. Qb3 Rb4 29. Qd1 Nc4 30. h4 (30. Qg4 $11) 30... Kg7 31. h5 Ra8 ({Better is} 31... Qd7 $15) 32. Rc1 Rd8 33. Qg4 f5 (33... Qe7 $11) 34. Qe2 (34. Qh4 $14) 34... Qc6 35. Rcb1 Qb6 (35... Qd6 $11 {keeps the balance.}) 36. Qa2 (36. Rxb4 $16 Qxb4 37. Qc2) 36... Rd7 ({Black should play} 36... Qd6 $1 $11) 37. Rxb4 $14 Qxb4 38. Rb1 Qc3 39. Kh2 $36 {[%emt 0:01:40][%mdl 2048] Black is under strong pressure.} Nd2 40. Rb5 Ne4 (40... Qd3 $16) 41. Bxe4 $18 ({Worse is} 41. Rxd5 Rxd5 42. Qxd5 Nxf2 $11) 41... dxe4 42. Qe6 $2 {[%emt 0:00:29] [#]} (42. hxg6 $18 hxg6 43. Kg2 (43. Qe6 Qc2 $11)) 42... Qc7 $2 (42... Qd2 $11 {and Black is okay.} 43. Qxd7+ Kh6) 43. hxg6 hxg6 44. Rb6 {[%emt 0:00:00] Weighted Error Value: White=0.28 (precise) /Black=0.42.  Loses game:     	---       	Black=1      Missed win:     	White=1     	---        Mistake:       	White=4     	Black=6      Inaccurate:     	White=7     	Black=6      OK:         	White=10    	Black=10     Best:        	White=3     	---} 1-0

[Event "Sardinia World Festival-A 2024"]
[Site "Orosei"]
[Date "2024.04.27"]
[Round "1.26"]
[White "Corvi, Marco"]
[Black "Girel, Joseph"]
[Result "0-1"]
[ECO "A13"]
[WhiteElo "2185"]
[BlackElo "2479"]
[Annotator "TA"]
[PlyCount "82"]
[EventDate "2024.04.26"]
[EventType "swiss"]
[EventCountry "ITA"]
[SourceTitle "playchess.com"]
[Source "ChessBase"]
[SourceQuality "1"]
[TimeControl "40/5400+30:1800+30"]

1. Nf3 d5 2. e3 Nf6 3. c4 e6 4. b3 b6 5. Bb2 Bb7 6. cxd5 exd5 7. Bb5+ c6 8. Be2 {[%emt 0:00:19] The position is equal.} Nbd7 9. O-O Bd6 10. Ba3 c5 11. Nd4 Qb8 12. Nf3 O-O 13. d4 Ne4 14. h3 Re8 15. Bb2 Ndf6 16. Nc3 Nxc3 17. Bxc3 c4 18. Rc1 (18. bxc4 $11 dxc4 19. Bxc4) 18... b5 $15 19. Bb2 Qd8 20. Ne5 Nd7 21. f4 (21. Bf3 $15) 21... f6 22. Nxd7 Qxd7 23. Rf3 Re4 24. Rc2 a5 25. Bc1 a4 {[%emt 0:00:48] Black is much more active.} 26. bxc4 dxc4 27. Rg3 Rae8 28. Bh5 R8e7 {[%emt 0:01:52][%cal Od6f4] ...Bxf4! is the strong threat.} 29. Kh2 f5 30. Bf3 R4e6 31. d5 Rg6 32. Rxg6 hxg6 33. g4 (33. Qd4 $17) 33... g5 ({Black should play} 33... a3 $19 34. Bg2 Qc7) 34. gxf5 $2 {[%emt 0:00:23] Now White is beyond hope.} (34. Qd4 $17) 34... Qxf5 $19 35. Bg4 $2 (35. e4 {was worth a try.} Rxe4 (35... Bxf4+ 36. Kg1 $19) 36. Bxe4 Qxe4 37. Re2 Qxd5 (37... Bxf4+ 38. Bxf4 Qxf4+ 39. Kg2 $19) 38. Qxd5+ Bxd5 39. Kg1) 35... Qd3 (35... Qxd5 36. Qxd5+ Bxd5 37. Rd2 Rxe3 38. Rxd5 Bxf4+ 39. Kg2 Rg3+ 40. Kf2 $18) 36. Qxd3 cxd3 37. Rc3 gxf4 (37... Bxd5 $2 {too greedy.} 38. Rxd3 Bxf4+ 39. exf4 $18) 38. Be6+ {[%emt 0:00:14] [#]} Rxe6 $1 39. dxe6 (39. e4 Rxe4) 39... fxe3+ 40. Kg1 e2 41. Bd2 {[%emt 0:32:51] [#]} Bf4 $1 {[%emt 0:30:12][%mdl 512] Weighted Error Value: White=0.65/Black=0.10 (very precise) .  Loses game:     	White=1     	---        Mistake:       	White=4     	Black=1      Inaccurate:     	White=2     	Black=2      OK:         	White=12    	Black=10     Brilliant:      	---       	Black=1} 0-1

[Event "Sardinia World Festival-A 2024"]
[Site "Orosei"]
[Date "2024.04.27"]
[Round "1.27"]
[White "Costa, Leonardo"]
[Black "Siekanska, Maria"]
[Result "1-0"]
[ECO "C55"]
[WhiteElo "2476"]
[BlackElo "2181"]
[Annotator "TA"]
[PlyCount "88"]
[EventDate "2024.04.26"]
[EventType "swiss"]
[EventCountry "ITA"]
[SourceTitle "playchess.com"]
[Source "ChessBase"]
[SourceQuality "1"]
[TimeControl "40/5400+30:1800+30"]

1. e4 e5 2. Nf3 Nc6 3. Bc4 Nf6 4. d3 d6 5. Ng5 d5 6. exd5 Na5 7. Bb5+ c6 8. dxc6 bxc6 {[%emt 0:00:03] [#] White is better.} 9. Ba4 Be7 10. O-O O-O 11. Nc3 Nd5 12. Qh5 Bf5 13. Nge4 Bxe4 14. Nxe4 f5 15. Ng5 Bxg5 16. Bxg5 Qb6 17. Bd2 Nb7 18. Bb3 {[%emt 0:03:06] Hoping for c4.} Nc5 19. Bc3 Nxb3 20. axb3 Nxc3 21. bxc3 Qc5 22. c4 Rae8 23. Rfe1 Qd4 24. Qf3 e4 25. Qe3 Qc3 26. dxe4 (26. Qxa7 $2 {perishes.} exd3 27. Rf1 (27. Rxe8 $2 Rxe8 28. g3 dxc2 $19) 27... dxc2 $19 (27... Qxc2 28. Qd7 $15)) (26. Rxa7 f4 27. Qe2 e3) 26... Qxc2 27. e5 (27. Rxa7 Rxe4 28. Qc1 Qxb3 $11) 27... f4 28. Qe4 Qxe4 29. Rxe4 $18 {[%emt 0:00:05][%mdl 4096] Endgame. KRR-KRR} Re7 30. h4 Rfe8 (30... Rf5 {keeps fighting.} 31. Ra5 g5 32. hxg5 Rxg5) 31. Rxf4 Rb8 32. Ra6 Rxb3 33. Rxc6 {[%emt 0:00:06] Threatening mate with Rc8+.} g6 34. Re4 Rb4 35. Ra6 Kf7 36. Kh2 Rc7 37. Kg3 Ke7 {[%emt 0:02:23] [#]} 38. h5 $1 gxh5 (38... Rb3+ 39. Kg4) 39. Rh6 Rbxc4 $2 (39... Ke8 40. f4 (40. Rxh5 a5 $18) 40... Rb1) 40. Rxc4 {[%emt 0:01:36] White is clearly winning.} Rxc4 41. Rxh7+ Ke6 42. Rxh5 a5 43. f4 a4 44. Kg4 Kd5 {[%emt 0:01:57] Weighted Error Value: White=0.07 (flawless) /Black=0.13 (very precise) .  Mistake:       	---       	Black=2      OK:         	White=18    	Black=11     Best:        	---       	Black=2} 1-0

[Event "Sardinia World Festival-A 2024"]
[Site "Orosei"]
[Date "2024.04.27"]
[Round "1.28"]
[White "Iliaguev, Daniel"]
[Black "Stoyanov, Tsvetan"]
[Result "0-1"]
[ECO "A29"]
[WhiteElo "2177"]
[BlackElo "2473"]
[Annotator "TA"]
[PlyCount "91"]
[EventDate "2024.04.26"]
[EventType "swiss"]
[EventCountry "ITA"]
[SourceTitle "playchess.com"]
[Source "ChessBase"]
[SourceQuality "1"]
[TimeControl "40/5400+30:1800+30"]

1. c4 e5 2. Nf3 Nc6 3. g3 Bc5 4. Nc3 Nf6 5. d3 d5 6. cxd5 Nxd5 7. Bg2 O-O 8. O-O Nxc3 9. bxc3 Re8 10. Qc2 h6 11. Rb1 Bb6 {[%emt 0:04:53] The position is equal.} 12. Rd1 Bf5 13. e4 Be6 14. d4 exd4 15. cxd4 Bg4 (15... Bxd4 $2 {is the wrong capture.} 16. Be3 $18 (16. Rxb7 Bg4 $16)) 16. Bb2 Bxf3 17. Bxf3 Qf6 18. Qc3 Qg6 ({Black should play} 18... Rad8 $11 19. e5 Qg6 20. Bxc6 bxc6) 19. Qb3 (19. Rd3 $1 $14) 19... Rad8 $11 20. d5 Ne5 21. Bxe5 Rxe5 22. Kg2 Kh8 23. Rbc1 f5 24. exf5 Rxf5 25. Rd3 Re8 26. Rc2 Qf6 27. d6 cxd6 28. Rcd2 ({Much worse is} 28. Bxb7 Rxf2+ (28... Bxf2 29. Bc8 $16) 29. Kh3 Qf5+ 30. g4 Qf6 $17 (30... Qxd3+ 31. Qxd3 Re3+ 32. Qxe3 $11)) 28... Qf8 29. Qb2 {[%emt 0:00:35] [#]} Be3 $1 30. Bg4 (30. Rxe3 Rxe3) 30... Bxd2 31. Bxf5 Qxf5 32. Rxd2 {[%emt 0:00:52][%mdl 4096] Endgame. KQR-KQR} Qe4+ 33. f3 Qe1 34. Qd4 (34. Rc2 $11) 34... Re2+ $19 35. Rxe2 Qxe2+ 36. Qf2 $2 {[%emt 0:00:34] [#] Loses the game.} (36. Kg1 $17) 36... Qxf2+ 37. Kxf2 {[%emt 0:00:02] KP-KP} Kg8 38. Ke3 Kf7 39. Kd4 Ke6 40. h4 h5 41. Ke4 d5+ 42. Kd4 Kd6 43. g4 g6 44. a4 b6 45. Ke3 Ke5 46. f4+ {[%emt 0:00:00] Weighted Error Value: White=0.73/Black=0.07 (flawless) .  Loses game:     	White=1     	---        Mistake:       	White=2     	Black=1      OK:         	White=9     	Black=8      Best:        	White=2     	Black=4} 0-1